 Dungeon Crawl Stone Soup version 0.29-a0-872-g797fff5ad1 (webtiles) character file.

Game seed: 16807711003215485287

12287 greenreed the Basher (level 11, -7/156 HPs)
             Began as a Minotaur Berserker on July 18, 2022.
             Was a Priest of Trog.
             Mangled by a large slime creature (31 damage)
             ... on level 11 of the Dungeon.
             The game lasted 00:28:02 (11333 turns).

greenreed the Basher (Minotaur Berserker)          Turns: 11333, Time: 00:28:03

Health: -7/156     AC: 16    Str: 26    XL:     11   Next: 60%
Magic:  10/10      EV: 12    Int: 10    God:    Trog [***...]
Gold:   684        SH:  5    Dex: 10    Spells: 10/10 levels left

rFire   . . .      SeeInvis .   v - +0 eveningstar
rCold   + . .      Faith    .   a - +1 buckler of the Bouncing Cities {rPois Int+6}
rNeg    . . .      Spirit   .   P - +0 scale mail
rPois   +          Reflect  .   (helmet unavailable)
rElec   .          Harm     .   r - +0 cloak
rCorr   .          Rampage  .   f - +0 pair of gloves
Will    .....                   S - +0 pair of boots
Stlth   ..........              (no amulet)
HPRegen 0.36/turn               j - +4 ring of protection
MPRegen 0.12/turn               A - ring of protection from cold

@: berserking, very quick
A: horns 3, retaliatory headbutt, MP-powered wands
a: Renounce Religion, Berserk, Trog's Hand


You were on level 11 of the Dungeon.
You worshipped Trog.
Trog was most pleased with you.
You visited 2 branches of the dungeon, and saw 13 of its levels.
You also visited: Sewer.

You collected 814 gold pieces.
You spent 130 gold pieces at shops.

Inventory:

Hand Weapons
 v - a +0 eveningstar (weapon)
 C - a +2 falchion of holy wrath
 V - a +1 flail of venom
Missiles
 q - 2 atropa-tipped darts
 y - 9 throwing nets (quivered)
 E - 18 poisoned darts
 T - a curare-tipped dart
Armour
 a - the +1 buckler of the Bouncing Cities (worn) {rPois Int+6}
   (You found it on level 9 of the Dungeon)

   Int:       It affects your intelligence (+6).
   rPois:     It protects you from poison.
 b - a +0 animal skin
 f - a +0 pair of gloves (worn)
 m - a +2 robe of fire resistance
 r - a +0 cloak (worn)
 P - a +0 scale mail (worn)
 R - +0 steam dragon scales
 S - a +0 pair of boots (worn)
Jewellery
 c - a +6 ring of intelligence
 g - a ring of protection from fire
 j - a +4 ring of protection (left hand)
 k - an amulet of magic regeneration
 A - a ring of protection from cold (right hand)
 D - a ring of protection from fire
 M - a ring of poison resistance
 O - a ring of resist corrosion
Wands
 Q - a wand of charming (7)
Scrolls
 d - 2 scrolls of immolation {unknown}
 e - 4 scrolls of teleportation
 h - 3 scrolls of blinking {unknown}
 i - 3 scrolls of poison
 n - 2 scrolls of vulnerability
 o - 2 scrolls of enchant armour {unknown}
 s - 2 scrolls of amnesia
 F - 4 scrolls of fear
 G - 2 scrolls of summoning {unknown}
 K - 2 scrolls of fog
 N - a scroll of magic mapping {unknown}
Potions
 l - 4 potions of flight
 p - 5 potions of curing
 t - 4 potions of heal wounds
 u - 4 potions of ambrosia
 w - 3 potions of attraction
 x - 3 potions of berserk rage
 z - 2 potions of resistance {unknown}
 B - 4 potions of lignification
 H - a potion of haste {unknown}
 I - 6 potions of might
 J - a potion of invisibility {unknown}
 L - 2 potions of cancellation {unknown}
 U - 2 potions of magic {unknown}


   Skills:
 + Level 11.7 Fighting
 + Level 1.5 Long Blades
 + Level 14.7 Maces & Flails
 + Level 0.6 Throwing
 + Level 8.3 Armour
 + Level 9.1 Dodging
 - Level 0.4 Stealth
 + Level 1.9 Shields


You had 10 spell levels left.
You didn't know any spells.
Your spell library was empty.

Dungeon Overview and Level Annotations

Branches:
Dungeon (12/15)            Temple (1/1) D:6            Lair (0/5) D:9
    Orc (0/2) D:10          Sewer (visited)

Altars:
Ashenzari
Cheibriados
Dithmenos
Elyvilon
Fedhas
Gozag
Hepliaklqana
Kikubaaqudgha
Makhleb
Nemelex Xobeh
Okawaru
Qazlal
Ru
Sif Muna
Trog
Uskayaw
Vehumet
Wu Jian
Xom
Yredelemnul
Zin
The Shining One

Shops:
D:5 !


Innate Abilities, Weirdness & Mutations

You have a pair of large horns on your head.
You reflexively headbutt those who attack you in melee.
You expend magic power (3 MP) to strengthen your wands.


Message History

Trog accepts your kill.
No target in view!
You start resting.
HP restored.
You can't go up here!
You climb downwards.
The slime creature barely misses you. The slime creature hits you.
There is a stone staircase leading up, spattered with blood here.
You block the slime creature's attack.
A large slime creature splits.
The slime creature hits you!
You climb upwards.
There is a stone staircase leading down, spattered with blood here.
You bludgeon the slime creature!! You headbutt the slime creature.
The slime creature is heavily wounded.
The slime creature hits you but does no damage.
The slime creature hits you!
Two slime creatures merge to form a large slime creature.
You puncture the slime creature!
The slime creature is heavily wounded.
Two slime creatures merge to form a large slime creature.
You thump the large slime creature!
The large slime creature is moderately wounded.
The large slime creature hits you!!
You block the large slime creature's attack.
You puncture the large slime creature! You headbutt the large slime creature!
The large slime creature is heavily wounded.
The large slime creature closely misses you.
You furiously retaliate!
You headbutt the large slime creature.
The large slime creature barely misses you.
You hit the large slime creature.
The large slime creature is heavily wounded.
You impale the large slime creature!! You headbutt the large slime creature!!
The large slime creature is almost dead.
The large slime creature hits you! The large slime creature hits you!!
* * * LOW HITPOINT WARNING * * *
A red film seems to cover your vision as you go berserk!
You feel yourself moving faster!
You feel mighty!
You can no longer call in reinforcements.
The large slime creature hits you!!
You die...

......# ......# ......# ......#
......# †.#.####### .##...)...#
##########
###.......############........#
#............J@J............#
#.......############........#
#.......# ####.#####
###.......### ##.####
.######.....## ##.....## .#
#..##..##### ##.......## .####
##.###.....# ##.........#
....## #.#
#.....####..........# ###..#
#.# #<....##............#


You could see 2 large slime creatures.

Vanquished Creatures
  Josephine (D:11)
  A boulder beetle (D:11)
  A two-headed ogre (D:7)
  The ghost of pdpol the Destroyer, a novice DrCj (D:8)
  Pikel (D:7)
  2 gargoyles
  A kobold demonologist (D:10)
  A troll (D:9)
  2 slime creatures (D:11)
  Grinder (D:6)
  A hornet (D:9)
  A shadow (D:10)
  Sigmund (D:2)
  3 wraiths
  A wyvern (D:9)
  8 yaks
  2 steam dragons (D:7)
  2 acid dragons
  A water moccasin (D:7)
  Duvessa (D:7)
  4 orc warriors
  An ice beast (D:8)
  3 black bears
  4 ogres
  5 centaurs
  A lemure (D:7)
  2 phantoms
  3 kobold brigands
  A necrophage (D:6)
  2 gnoll sergeants
  2 scorpions
  2 bullfrogs (D:8)
  Dowan (D:7)
  12 killer bees (D:9)
  8 howler monkeys
  Crazy Yiuf (D:2)
  2 hounds
  6 orc priests
  A gnoll bouda (D:6)
  Jessica (D:2)
  13 orc wizards
  Natasha (D:2)
  3 iguanas
  19 gnolls
  13 adders
  2 shadow imps
  2 white imps
  An ufetubus (D:5)
  5 worms
  3 dart slugs
  30 orcs
  3 bats
  6 endoplasms
  4 giant cockroaches
  4 goblins
  7 hobgoblins
  27 kobolds
  A quokka (D:1)
  8 ball pythons
  13 frilled lizards
  5 rats
265 creatures vanquished.

Vanquished Creatures (collateral kills)
  Nergalle (D:10)
1 creature vanquished.

Vanquished Creatures (others)
  4 plants (D:4)
4 creatures vanquished.

Grand Total: 270 creatures vanquished

Notes
Turn   | Place    | Note
-------+----------+-------------------------------------------
     0 | D:1      | greenreed the Minotaur Berserker began the quest for the
                  | Orb.
     0 | D:1      | Reached XP level 1. HP: 19/19 MP: 0/0
   456 | D:1      | Reached skill level 4 in Maces & Flails
   456 | D:1      | Reached XP level 2. HP: 27/27 MP: 1/1
   923 | D:2      | Reached XP level 3. HP: 19/33 MP: 2/2
  1103 | D:2      | Reached XP level 4. HP: 29/41 MP: 3/3
  1447 | D:2      | Noticed Sigmund
  1452 | D:2      | Killed Sigmund
  1453 | D:2      | Reached skill level 5 in Fighting
  1453 | D:2      | Reached skill level 5 in Maces & Flails
  1453 | D:2      | Reached XP level 5. HP: 48/48 MP: 4/4
  1632 | D:2      | Found a runed translucent door.
  1633 | D:2      | Noticed Crazy Yiuf
  1641 | D:2      | Killed Crazy Yiuf
  1642 | D:2      | Reached XP level 6. HP: 56/56 MP: 5/5
  1763 | D:2      | Noticed Natasha
  1771 | D:2      | Killed Natasha
  1860 | D:2      | Noticed Jessica
  1865 | D:2      | Killed Jessica
  2096 | D:3      | Found a faded altar of an unknown god.
  2120 | D:3      | Reached skill level 6 in Maces & Flails
  2172 | D:3      | Found a shadowy altar of Dithmenos.
  2273 | D:3      | Reached ** piety under Trog
  2655 | D:3      | Found a broken altar of Ashenzari.
  2655 | D:3      | Found a snail-covered altar of Cheibriados.
  2657 | D:3      | Found an ancient bone altar of Kikubaaqudgha.
  2976 | D:4      | Reached XP level 7. HP: 64/64 MP: 6/6
  3164 | D:4      | Reached skill level 7 in Maces & Flails
  3701 | D:5      | Entered Level 5 of the Dungeon
  3730 | D:5      | Found a glowing drain.
  3747 | Sewer    | Entered a sewer
  3783 | Sewer    | Reached *** piety under Trog
  4273 | D:5      | Reached skill level 8 in Maces & Flails
  4336 | D:5      | Reached XP level 8. HP: 73/73 MP: 7/7
  4361 | D:5      | Found Kiots's Distillery.
  4366 | D:5      | Bought a potion of heal wounds for 50 gold pieces
  4366 | D:5      | Bought a potion of might for 40 gold pieces
  4366 | D:5      | Bought a potion of might for 40 gold pieces
  4642 | D:5      | Reached skill level 5 in Dodging
  4795 | D:5      | Found a basalt altar of Yredelemnul.
  4923 | D:6      | Reached skill level 9 in Maces & Flails
  5176 | D:6      | Noticed Grinder
  5449 | D:6      | Found a shimmering blue altar of Sif Muna.
  5474 | D:6      | Reached skill level 10 in Maces & Flails
  5602 | D:6      | Killed Grinder
  5603 | D:6      | Reached XP level 9. HP: 82/82 MP: 8/8
  5645 | D:6      | Found a staircase to the Ecumenical Temple.
  5711 | Temple   | Entered the Ecumenical Temple
  6009 | D:7      | Noticed Pikel
  6022 | D:7      | Killed Pikel
  6023 | D:7      | Reached skill level 11 in Maces & Flails
  6222 | D:7      | Noticed Dowan
  6236 | D:7      | Killed Dowan
  6394 | D:7      | Noticed Duvessa
  6399 | D:7      | Killed Duvessa
  6800 | D:7      | Noticed a two-headed ogre
  6809 | D:7      | Killed a two-headed ogre
  6810 | D:7      | Reached skill level 1 in Long Blades
  6810 | D:7      | Reached skill level 12 in Maces & Flails
  7038 | D:7      | Reached XP level 10. HP: 71/93 MP: 9/9
  7294 | D:8      | Found an ornate altar of the Wu Jian Council.
  7312 | D:8      | Reached skill level 10 in Fighting
  7411 | D:8      | Reached **** piety under Trog
  7927 | D:8      | Reached skill level 13 in Maces & Flails
  8019 | D:8      | Found a runed translucent door.
  8020 | D:8      | Noticed pdpol's ghost (novice DrCj)
  8040 | D:8      | Killed pdpol's ghost
  8041 | D:8      | Reached skill level 5 in Armour
  8285 | D:9      | Noticed a gargoyle
  8305 | D:9      | Killed a gargoyle
  8736 | D:9      | Found a staircase to the Lair.
  8767 | D:9      | Identified the +1 buckler of the Bouncing Cities {rPois
                  | Int+6}
  8933 | D:9      | Reached skill level 14 in Maces & Flails
  8933 | D:9      | Reached XP level 11. HP: 81/102 MP: 10/10
  9175 | D:10     | Entered Level 10 of the Dungeon
  9175 | D:10     | Found a staircase to the Orcish Mines.
  9533 | D:10     | Gained mutation: You are weak. (Str -2) [potion of
                  | mutation]
  9533 | D:10     | Gained mutation: You occasionally shout uncontrollably at
                  | your foes. [potion of mutation]
  9533 | D:10     | Gained mutation: You are frail. (-10% HP) [potion of
                  | mutation]
  9534 | D:10     | Lost mutation: You are frail. (-10% HP) [potion of
                  | mutation]
  9534 | D:10     | Lost mutation: You occasionally shout uncontrollably at
                  | your foes. [potion of mutation]
  9534 | D:10     | Lost mutation: You are weak. (Str -2) [potion of mutation]
  9534 | D:10     | Gained mutation: You are partially covered in iridescent
                  | scales. (AC +2) [potion of mutation]
  9535 | D:10     | Lost mutation: You are partially covered in iridescent
                  | scales. (AC +2) [potion of mutation]
  9535 | D:10     | Gained mutation: You expend magic power (3 MP) to
                  | strengthen your wands. [potion of mutation]
  9535 | D:10     | Gained mutation: You have a pair of large horns on your
                  | head. [potion of mutation]
  9809 | D:10     | Reached ***** piety under Trog
 10213 | D:11     | Noticed Nergalle
 10491 | D:10     | Reached skill level 1 in Shields
 10654 | D:10     | Killed Nergalle
 10872 | D:11     | Noticed Josephine
 10883 | D:11     | Killed Josephine
 11069 | D:11     | Noticed a boulder beetle
 11083 | D:11     | Killed a boulder beetle
 11333 | D:11     | Mangled by a large slime creature

Illustrated notes

Levels and vault maps discovered:
D:1:      tarquinn_simple_flora_water_a, layout_loops_cross
D:2:      layout_loops_corners, uniq_jessica, uniq_natasha,
          uniq_crazy_yiuf_cottage, uniq_sigmund
D:3:      layout_basic, grunt_temple_overflow_open, overflow_temple_1_default,
          ebering_ecumenical_altar_rust, serial_bayou_ford_a
D:4:      layout_basic, minmay_lizard_king
D:5:      layout_basic, kennysheep_little_box, cheibrodos_sewer_entry_sluice,
          serial_shops, shop_statue
D:6:      layout_rooms, kennysheep_orc_sif_temple, minmay_temple_entry_slanted,
          uniq_grinder
D:7:      layout_loops_ring, grunt_ogre_cave, uniq_pikel, uniq_duvessa
D:8:      layout_basic, nicolae_wu_jian_wuxing_cycle,
          ebering_ghost_reflecting_pool, st_stairs_5,
          chequers_serial_rivers_micro_a
D:9:      layout_loops_cross, lair_entry_dummy
D:10:     layout_stronghold, orc_0_dummy
D:11:     layout_rooms, uniq_josephine, uniq_nergalle
D:12:     layout_roguey, gammafunk_ghost_mausoleum
Temple:   eino_wide_crystal_templ

Skill      XL: |  1  2  3  4  5  6  7  8  9 10 11 |
---------------+----------------------------------+-----
Maces & Flails | 4 5 6 8 10 12 14 | 14.7
Fighting       | 4 5 6 7 8 9 11 | 11.7
Armour         | 3 6 8 |  8.3
Dodging        | 3 4 6 7 8 9 |  9.1
Long Blades    | 1 |  1.5
Shields        | 1 |  1.9
Throwing       | |  0.6
Stealth        | |  0.4

Action                   |  1- 3 |  4- 6 |  7- 9 | 10-12 || total
-------------------------+-------+-------+-------+-------++-------
Melee: Mace              |    37 |    85 |   335 |   167 ||   624
       Headbutt          |     2 |    11 |    57 |    78 ||   148
       Punch             |       |     2 |     4 |     3 ||     9
       Falchion          |       |       |     8 |       ||     8
       Flail             |       |       |       |    78 ||    78
       Eveningstar       |       |       |       |    98 ||    98
Throw: Throwing net      |       |       |       |     3 ||     3
Invok: Berserk           |     1 |     4 |     8 |     6 ||    19
       Trog's Hand       |       |       |     3 |     3 ||     6
       Brothers in Arms  |       |       |       |     3 ||     3
  Use: Scroll            |       |     5 |     5 |     3 ||    13
       Potion            |       |       |       |     5 ||     5
 Stab: Sleeping          |       |     1 |       |       ||     1
Armor: Animal skin       |    10 |    31 |   132 |       ||   173
       Scale mail        |       |       |     5 |   187 ||   192
Dodge: Dodged            |    13 |    41 |   210 |   177 ||   441
Block: Buckler           |       |       |       |    30 ||    30

Table legend: (Time is in decaauts)
 A = Elapsed time spent in this place.
 B = Non-inter-level travel time spent in this place.
 C = Inter-level travel time spent in this place.
 D = Time resting spent in this place.
 E = Time spent auto-exploring this place.
 F = Levels seen in this place.
 G = Mean time per level.
                   A        B        C        D        E       F      G
               +--------+--------+--------+--------+--------+-----+--------+
         Total |  11531 |  11091 |    440 |    600 |   8675 |  14 |  823.6 |
       Dungeon |  11007 |  10587 |    420 |    600 |   8352 |  12 |  917.2 |
        Temple |     78 |     58 |     20 |      0 |     46 |   1 |   78.0 |
         Sewer |    445 |    445 |      0 |      0 |    276 |   1 |  445.0 |
               +--------+--------+--------+--------+--------+-----+--------+

Top non-repeatable levels by time:
    D:10: 1497 daAuts
     D:2: 1443 daAuts
     D:7: 1322 daAuts
     D:6: 1018 daAuts
     D:9: 995 daAuts
     D:8: 866 daAuts
     D:5: 861 daAuts
     D:3: 834 daAuts
     D:4: 815 daAuts
    D:11: 673 daAuts
     D:1: 670 daAuts
   Sewer: 445 daAuts
  Temple: 78 daAuts
    D:12: 9 daAuts
